MLB
WASHINGTON NATIONALS @ NEW YORK METS
03/26/2020
 
TOP OF THE 1ST
Washington Nationals batting - Pitching for New York Mets : RHP Jacob deGrom
Pitching: RHP Jacob deGrom
Batting: LHB Adam Eaton 0-0: Foul Ball, location: 2F
0-1: Ball
1-1: Foul Ball, location: 2F
1-2: Ball
2-2: Ball
3-2: Ground out U3 (Groundball, 3S, EV 89.4 MPH)
Batting: RHB Trea Turner 0-0: Foul Ball, location: 2F
0-1: Bunt for hit to 13 - play at first, batter safe!
Batting: LHB Juan Soto 0-0: Ball
Trea Turner is caught stealing 2nd base 2-6
1-0: Swinging Strike
1-1: Called Strike
1-2: Ball
2-2: Foul Ball, location: 2F
2-2: Ball
3-2: Foul Ball, location: 2F
3-2: Ground out 4-3 (Groundball, 34, EV 106.3 MPH)
Top of the 1st over - 0 runs, 1 hit, 0 errors, 0 left on base; Washington 0 - New York 0
BOTTOM OF THE 1ST
New York Mets batting - Pitching for Washington Nationals : RHP Max Scherzer
Pitching: RHP Max Scherzer
Batting: RHB Amed Rosario 0-0: Called Strike
0-1: Swinging Strike
0-2: Ball
1-2: Strikes out swinging
Batting: LHB Brandon Nimmo 0-0: Called Strike
0-1: Ball
1-1: Foul Ball, location: 2F
1-2: DOUBLE (Groundball, 5L, EV 105.6 MPH)
Batting: RHB Pete Alonso 0-0: Called Strike
0-1: Foul Ball, location: 2F
0-2: Ball
1-2: Ball
2-2: Foul Ball, location: 2F
2-2: Foul Ball, location: 2F
2-2: SINGLE (Line Drive, 6M, EV 96.9 MPH)
Brandon Nimmo to third
Batting: LHB Michael Conforto 0-0: Called Strike
0-1: Swinging Strike
0-2: Ball
1-2: Ball
2-2: Foul Ball, location: 2F
2-2: Ball
3-2: Foul Ball, location: 2F
3-2: Strikes out swinging
Batting: LHB Jeff McNeil 0-0: Swinging Strike
0-1: Swinging Strike
0-2: Strikes out swinging
Bottom of the 1st over - 0 runs, 2 hits, 0 errors, 2 left on base; Washington 0 - New York 0
TOP OF THE 2ND
Washington Nationals batting - Pitching for New York Mets : RHP Jacob deGrom
Batting: LHB Eric Thames 0-0: Foul Ball, location: 2F
0-1: Fly out, F9 (Flyball, 9D, EV 83.8 MPH)
Batting: SHB Asdrubal Cabrera 0-0: Fly out, F6 (Popup, 4MS, EV 83.8 MPH)
Batting: RHB Kurt Suzuki 0-0: Ball
1-0: Ball
2-0: Ball
3-0: Foul Ball, location: 2F
3-1: Base on Balls
Batting: RHB Victor Robles 0-0: Ball
1-0: Called Strike
1-1: Called Strike
1-2: Ball
2-2: Strikes out swinging
Top of the 2nd over - 0 runs, 0 hits, 0 errors, 1 left on base; Washington 0 - New York 0
BOTTOM OF THE 2ND
New York Mets batting - Pitching for Washington Nationals : RHP Max Scherzer
Batting: RHB Wilson Ramos 0-0: Called Strike
0-1: Swinging Strike
0-2: Ball
1-2: Ball
2-2: Ball
3-2: Strikes out swinging
Batting: LHB Luis Guillorme 0-0: Called Strike
0-1: Ball
1-1: Ground out 6-3 (Groundball, 56, EV 86.3 MPH)
Batting: RHB Jake Marisnick 0-0: Called Strike
0-1: Ball
1-1: Called Strike
1-2: Strikes out swinging, 2-3 out at first.
Bottom of the 2nd over - 0 runs, 0 hits, 0 errors, 0 left on base; Washington 0 - New York 0
TOP OF THE 3RD
Washington Nationals batting - Pitching for New York Mets : RHP Jacob deGrom
Batting: RHB Max Scherzer 0-0: Hit by Pitch
Batting: RHB Carter Kieboom 0-0: Fly out, F4 (Popup, 4M, EV 56.3 MPH)
Batting: LHB Adam Eaton 0-0: Swinging Strike
0-1: Swinging Strike
0-2: Strikes out swinging
Batting: RHB Trea Turner 0-0: Ball
1-0: Called Strike
1-1: Ball
2-1: Fly out, F8 (Flyball, 78M, EV 83.8 MPH)
Top of the 3rd over - 0 runs, 0 hits, 0 errors, 1 left on base; Washington 0 - New York 0
BOTTOM OF THE 3RD
New York Mets batting - Pitching for Washington Nationals : RHP Max Scherzer
Batting: LHB Jacob deGrom 0-0: Ball
1-0: SINGLE (Groundball, 3S, EV 61.3 MPH) (infield hit)
Batting: RHB Amed Rosario 0-0: Foul Ball, location: 2F
0-1: Sac Bunt to 5S - play at first, batter OUT! 5-3
Jacob deGrom to second
Batting: LHB Brandon Nimmo 0-0: Called Strike
0-1: Ball
1-1: Called Strike
1-2: Ball
2-2: Strikes out looking
Batting: RHB Pete Alonso 0-0: Ball
Wild Pitch!
Jacob deGrom to third
1-0: Foul Ball, location: 2F
1-1: Foul Ball, location: 2F
1-2: Fly out, F9 (Flyball, 9D, EV 106.9 MPH)
Bottom of the 3rd over - 0 runs, 1 hit, 0 errors, 1 left on base; Washington 0 - New York 0
TOP OF THE 4TH
Washington Nationals batting - Pitching for New York Mets : RHP Jacob deGrom
Batting: LHB Juan Soto 0-0: Foul Ball, location: 2F
0-1: Ball
1-1: Ground out 6-3 (Groundball, 4MD, EV 88.8 MPH)
Batting: LHB Eric Thames 0-0: Ball
1-0: Called Strike
1-1: Ball
2-1: Foul Ball, location: 2F
2-2: Ball
3-2: Base on Balls
Batting: SHB Asdrubal Cabrera 0-0: Ball
1-0: Called Strike
1-1: Ball
2-1: Swinging Strike
2-2: Foul Ball, location: 2F
2-2: Strikes out swinging
Batting: RHB Kurt Suzuki Balk!
Eric Thames to second
0-0: Foul Ball, location: 2F
0-1: Called Strike
0-2: Strikes out swinging
Top of the 4th over - 0 runs, 0 hits, 0 errors, 1 left on base; Washington 0 - New York 0
BOTTOM OF THE 4TH
New York Mets batting - Pitching for Washington Nationals : RHP Max Scherzer
Batting: LHB Michael Conforto 0-0: Ball
1-0: Called Strike
1-1: Foul Ball, location: 2F
1-2: Ball
2-2: SOLO HOME RUN (Flyball, 9D, EV 103.8 MPH), Distance : 402 ft
Batting: LHB Jeff McNeil 0-0: DOUBLE (Line Drive, 89D, EV 107.5 MPH)
Batting: RHB Wilson Ramos 0-0: Ball
1-0: Called Strike
1-1: Ground out 2-3 (Groundball, 2L, EV 66.3 MPH)
Jeff McNeil to third
Batting: LHB Luis Guillorme 0-0: Ball
Wild Pitch!
Jeff McNeil scores
1-0: SINGLE (Groundball, 56D, EV 94.4 MPH)
Batting: RHB Jake Marisnick 0-0: Called Strike
0-1: Ball
1-1: Called Strike
1-2: Foul Ball, location: 2F
1-2: Ball
2-2: Strikes out swinging
Batting: LHB Jacob deGrom 0-0: Swinging Strike
0-1: Ground out 1-3 (Groundball, 34S, EV 71.9 MPH)
Bottom of the 4th over - 2 runs, 3 hits, 0 errors, 1 left on base; Washington 0 - New York 2
TOP OF THE 5TH
Washington Nationals batting - Pitching for New York Mets : RHP Jacob deGrom
Batting: RHB Victor Robles 0-0: Fly out, F5 (Line Drive, 5, EV 64.4 MPH)
Batting: RHB Max Scherzer 0-0: Swinging Strike
0-1: Foul Ball, location: 2F
0-2: Strikes out swinging
Batting: RHB Carter Kieboom 0-0: Ball
1-0: Ball
2-0: Ball
3-0: Called Strike
3-1: Fly out, F4 (Flyball, 34D, EV 90.0 MPH)
Top of the 5th over - 0 runs, 0 hits, 0 errors, 0 left on base; Washington 0 - New York 2
BOTTOM OF THE 5TH
New York Mets batting - Pitching for Washington Nationals : RHP Max Scherzer
Batting: RHB Amed Rosario 0-0: Ball
1-0: Bunt for hit to 15 - play at first, batter OUT! 1-3
Batting: LHB Brandon Nimmo 0-0: Ball
1-0: Foul Ball, location: 2F
1-1: Ball
2-1: Ball
3-1: Ground out 4-3 (Groundball, 4, EV 98.8 MPH)
Batting: RHB Pete Alonso 0-0: Called Strike
0-1: Called Strike
0-2: Ball
1-2: Foul Ball, location: 2F
1-2: Strikes out swinging
Bottom of the 5th over - 0 runs, 0 hits, 0 errors, 0 left on base; Washington 0 - New York 2
TOP OF THE 6TH
Washington Nationals batting - Pitching for New York Mets : RHP Jacob deGrom
Batting: LHB Adam Eaton 0-0: SINGLE (Line Drive, 8LS, EV 99.4 MPH)
Batting: RHB Trea Turner 0-0: Sac Bunt to 15S - play at second, runner OUT! 1-6
Batting: LHB Juan Soto 0-0: Foul Ball, location: 2F
0-1: Ball
1-1: Ball
2-1: Called Strike
2-2: Ball
3-2: Fly out, F6 (Flyball, 4MD, EV 85.6 MPH)
Batting: LHB Eric Thames 0-0: Ball
1-0: Called Strike
1-1: Called Strike
Trea Turner steals 2nd base
1-2: Foul Ball, location: 2F
1-2: Ground out 4-3 (Groundball, 4, EV 103.8 MPH)
Top of the 6th over - 0 runs, 1 hit, 0 errors, 1 left on base; Washington 0 - New York 2
BOTTOM OF THE 6TH
New York Mets batting - Pitching for Washington Nationals : RHP Max Scherzer
Batting: LHB Michael Conforto 0-0: Ball
1-0: Foul Ball, location: 2F
1-1: Ball
2-1: Called Strike
2-2: Strikes out swinging
Batting: LHB Jeff McNeil 0-0: Swinging Strike
0-1: Ball
1-1: Ball
2-1: Fly out, F9 (Flyball, 9S, EV 82.5 MPH)
Batting: RHB Wilson Ramos 0-0: Called Strike
0-1: Ball
1-1: Foul Ball, location: 2F
1-2: Foul Ball, location: 2F
1-2: Foul Ball, location: 2F
1-2: Strikes out swinging
Bottom of the 6th over - 0 runs, 0 hits, 0 errors, 0 left on base; Washington 0 - New York 2
TOP OF THE 7TH
Washington Nationals batting - Pitching for New York Mets : RHP Jacob deGrom
Batting: SHB Asdrubal Cabrera 0-0: Fly out, F8 (Flyball, 8RM, EV 95.6 MPH)
Batting: RHB Kurt Suzuki 0-0: Called Strike
0-1: Fly out, F4 (Line Drive, 4, EV 72.5 MPH)
Batting: RHB Victor Robles 0-0: Ball
1-0: Called Strike
1-1: Ball
2-1: Ball
3-1: Foul Ball, location: 2F
3-2: Strikes out swinging
Top of the 7th over - 0 runs, 0 hits, 0 errors, 0 left on base; Washington 0 - New York 2
BOTTOM OF THE 7TH
New York Mets batting - Pitching for Washington Nationals : RHP Max Scherzer
Batting: LHB Luis Guillorme 0-0: Ground out 1-3 (Groundball, 15, EV 83.1 MPH)
Batting: RHB Jake Marisnick 0-0: Ball
1-0: Called Strike
1-1: Foul Ball, location: 2F
1-2: Ball
2-2: Strikes out swinging
Batting: LHB Jacob deGrom 0-0: Ball
1-0: Ball
2-0: Called Strike
2-1: Ball
3-1: Swinging Strike
3-2: Fly out, F3 (Line Drive, 3, EV 67.5 MPH)
Bottom of the 7th over - 0 runs, 0 hits, 0 errors, 0 left on base; Washington 0 - New York 2
TOP OF THE 8TH
Washington Nationals batting - Pitching for New York Mets : RHP Jacob deGrom
Pinch Hitting: RHB Starlin Castro 0-0: Called Strike
0-1: Ground out 6-3 (Groundball, 6, EV 83.8 MPH)
Batting: RHB Carter Kieboom 0-0: Foul Ball, location: 2F
0-1: Called Strike
0-2: Ball
1-2: Strikes out swinging
Batting: LHB Adam Eaton 0-0: Called Strike
0-1: Foul Ball, location: 2F
0-2: Foul Ball, location: 2F
0-2: Ball
1-2: Ground out 1-3 (Groundball, 13, EV 85.0 MPH)
Top of the 8th over - 0 runs, 0 hits, 0 errors, 0 left on base; Washington 0 - New York 2
BOTTOM OF THE 8TH
New York Mets batting - Pitching for Washington Nationals : RHP Max Scherzer
Pitching: LHP Sean Doolittle
Batting: RHB Amed Rosario 0-0: Foul Ball, location: 2F
0-1: Fly out, F7 (Line Drive, 7, EV 91.9 MPH)
Batting: LHB Brandon Nimmo 0-0: Ball
1-0: Foul Ball, location: 2F
1-1: Ball
2-1: Called Strike
2-2: Strikes out swinging
Batting: RHB Pete Alonso 0-0: Ball
1-0: Ball
2-0: Called Strike
2-1: Ball
3-1: Base on Balls
Batting: LHB Michael Conforto 0-0: Swinging Strike
0-1: Called Strike
0-2: Ball
1-2: Fielders Choice at 2nd, 5-6 (Groundball, 56, EV 87.5 MPH)
Bottom of the 8th over - 0 runs, 0 hits, 0 errors, 1 left on base; Washington 0 - New York 2
TOP OF THE 9TH
Washington Nationals batting - Pitching for New York Mets : RHP Jacob deGrom
Now in LF: Jarrett Parker
Batting: RHB Trea Turner 0-0: Ball
1-0: Ball
2-0: Foul Ball, location: 2F
2-1: Called Strike
2-2: Strikes out swinging
Batting: LHB Juan Soto 0-0: Called Strike
0-1: Called Strike
0-2: Ball
1-2: Ball
2-2: Foul Ball, location: 2F
2-2: Foul Ball, location: 2F
2-2: Ball
3-2: Strikes out swinging
Batting: LHB Eric Thames 0-0: Ball
1-0: Swinging Strike
1-1: Foul Ball, location: 2F
1-2: Foul Ball, location: 2F
1-2: Foul Ball, location: 2F
1-2: Foul Ball, location: 2F
1-2: Ground out 1-3 (Groundball, 15S, EV 68.1 MPH)
Top of the 9th over - 0 runs, 0 hits, 0 errors, 0 left on base; Washington 0 - New York 2
Wednesday, April 1st, 2020 - OOTP Baseball 21.2 Build 38